 Dungeon Crawl Stone Soup version 0.29-a0-1019-g84f7d21838 (webtiles) character file.

Game seed: 17877540186499504843

94 Sobieck the Sneak (level 4, -3/28 HPs)
             Began as a Kobold Berserker on Aug 11, 2022.
             Was a Believer of Trog.
             Slain by Sigmund
             ... wielding a +0 scythe
              (10 damage)
             ... on level 3 of the Dungeon.
             The game lasted 00:05:05 (2910 turns).

Sobieck the Sneak (Kobold Berserker)                Turns: 2910, Time: 00:05:06

Health: -3/28      AC:  3    Str: 14    XL:     4   Next: 94%
Magic:  4/4        EV: 15    Int:  8    God:    Trog [**....]
Gold:   198        SH:  5    Dex: 16    Spells: 3/3 levels left

rFire   . . .      SeeInvis .   a - +2 dagger (speed) {short}
rCold   . . .      Faith    .   (no shield)
rNeg    . . .      Spirit   .   m - +1 animal skin
rPois   .          Reflect  +   (no helmet)
rElec   .          Harm     .   (no cloak)
rCorr   .          Rampage  .   (no gloves)
Will    .....                   (no boots)
Stlth   ++++......              z - amulet of reflection
HPRegen 0.09/turn               (no ring)
MPRegen 0.09/turn               (no ring)

@: on berserk cooldown, hasted and slowed
A: small, no large weapons, nightstalker 3
a: Renounce Religion, Berserk, Trog's Hand


You were on level 3 of the Dungeon.
You worshipped Trog.
Trog was pleased with you.
You visited 1 branch of the dungeon, and saw 3 of its levels.

You collected 198 gold pieces.


Innate Abilities, Weirdness & Mutations

You are small and have problems with some larger weapons.
You are completely attuned to the shadows.


   Skills:
 + Level 3.4 Fighting
 + Level 4.2 Short Blades
 + Level 0.7 Throwing
 - Level 1.5 Armour
 + Level 2.7 Dodging
 - Level 5.0 Stealth
 + Level 0.8 Evocations


You had 3 spell levels left.
You didn't know any spells.
Your spell library contained the following spells:

 Spells                   Type           Power      Damage    Failure   Level
 Sting                    Tmut/Pois      0%         1d3       41%         1
 Poisonous Vapours        Pois/Air       0%         N/A       54%         2
 Olgreb's Toxic Radiance  Pois           0%         N/A       99%         4
 Iskenderun's Battlesphe  Conj           0%         2d6       100%        5
 Iron Shot                Conj/Erth      0%         9d1       100%        6
 Spellforged Servitor     Conj/Summ      0%         N/A       100%        7

Inventory:

Hand Weapons
 a - a +2 dagger of speed (weapon) {short}
   (You took it off a goblin on level 1 of the Dungeon)
 b - a +0 sling of freezing
   (You found it on level 1 of the Dungeon)
 k - a +0 short sword {short}
Missiles
 c - 38 stones (quivered) {throwing}
 l - 6 atropa-tipped darts {throwing}
 q - 2 throwing nets {=f!fthrowing}
 s - 3 poisoned darts {throwing}
Armour
 f - a +0 leather armour
   (You took it off an orc on level 3 of the Dungeon)
 h - a +0 leather armour
   (You took it off an orc on level 3 of the Dungeon)
 m - a +1 animal skin (worn)
 n - a +0 chain mail
   (You found it on level 1 of the Dungeon)
 t - a +0 ring mail
   (You found it on level 2 of the Dungeon)
Magical Staves
 v - a staff of fire {forbidden!astaff}
   (You found it on level 2 of the Dungeon)
Jewellery
 o - an amulet of magic regeneration {@e2}
   (You found it on level 2 of the Dungeon)
 z - an amulet of reflection (around neck)
   (You found it on level 2 of the Dungeon)
Scrolls
 p - a scroll of magic mapping {!r}
Potions
 e - 3 potions of attraction {!q}
 g - a potion of mutation {!q}

Dungeon Overview and Level Annotations

Branches:
Dungeon (3/15) Zot: 15080

Altars:

Annotations:
D:3 Sigmund

.....# .##### .#
#.. .### #)# ....
#.# ### #.# # #.#
# #{# # ######@# #
##......#
##########.....###
...............#
########.......#
####......#...##
............!.#
##.....##.###.#
#.......#.# #.#


There were no monsters in sight!


Message History

a +0 whip {mace}; an orc corpse
f - a +0 leather armour
Things that are here:
a +0 club {mace}; an orc corpse
h - a +0 leather armour
Things that are here:
a +0 trident {polearm}; an orc corpse A kobold comes into view.
It is wielding a +0 short sword.
Danger!
The helpless kobold fails to defend itself.
You impale the kobold!!
You kill the kobold!
Trog accepts your kill.
No target in view!
You now have 198 gold pieces (gained 16).
A dart slug comes into view.
Danger!
The helpless dart slug fails to defend itself.
You impale the dart slug!!
You kill the dart slug!
Trog accepts your kill.
j - a scroll of identify {@r1}
w - 2 clear potions (gained 1)
r - a sedimented blue potion
As you read the scroll of identify {@r1}, it crumbles to dust.
w - 2 potions of degeneration Unknown command.
You drop 2 potions of degeneration {!q@e2}.
Sigmund the Dreaded comes into view.
He is wielding a +0 scythe and wearing a +2 robe of positive energy.
Danger!
Sigmund shouts!
Sigmund casts a spell at you.
You are confused.
It was a potion of magic.
Magic courses through your body. Sigmund barely misses you.
It was a potion of haste.
You feel yourself speed up.
It was a potion of curing.
You feel better. Sigmund gestures at you while chanting.
The magic dart hits you!
Unknown command.
Unknown command.
A red film seems to cover your vision as you go berserk!
You feel yourself moving faster!
You feel mighty!
Sigmund casts a spell.
Sigmund flickers and vanishes!
Deactivating autopickup; reactivate with Ctrl-A.
You closely miss something. You barely miss something. You hit something.
You hear some strange, mumbled words.
You are confused.
You bump into the rock wall.
You hit something. Something hits you but does no damage.
You're too confused to move!
You miss something. Something hits you!
* * * LOW HITPOINT WARNING * * *
You feel a strong urge to attack something.
Unknown command.
You feel your anger nearly subside.
You are no longer berserk.
You are exhausted.
You feel yourself slow down.
You're too confused to move!
You feel less confused. Something hits you.
* * * LOW HITPOINT WARNING * * *
Unknown command.
You hit something.
You hear some strange, mumbled words.
Something tries to affect you, but you resist.
You hit something.
Unknown command.
You hit something but do no damage.
You hear some strange, mumbled words.
You are confused.
You feel much better.
You hear some strange, mumbled words.
A puff of flame appears from out of thin air!
The puff of flame hits you.
Danger!
You barely miss something.
Unknown command.
You're too confused to move!
Something hits you!
* * * LOW HITPOINT WARNING * * *
You feel much better. Something hits you!
You're too confused to move!
Something barely misses you.
You bump into the rock wall.
You feel less confused. Something hits you!
* * * LOW HITPOINT WARNING * * *
Unknown command.
Really quaff
e - 3 potions of attraction {!q}?
Really quaff the potion of attraction?
Okay, then.
Unknown command.
Unknown command.
You hit something. Something hits you!
You die...

Skill      XL: |  1  2  3  4 |
---------------+-------------+-----
Stealth        | 2 3 4 5 |  5.0
Fighting       | |  3.4
Short Blades   | |  4.2
Throwing       | |  0.7
Armour         | |  1.5
Dodging        | |  2.7
Evocations     | |  0.8

Action                   |  1- 3 |  4- 6 || total
-------------------------+-------+-------++-------
Melee: Short sword       |    49 |       ||    49
       Dagger            |    31 |    49 ||    80
 Fire: Sling             |    13 |    10 ||    23
Invok: Berserk           |     3 |     3 ||     6
  Use: Scroll            |       |    13 ||    13
       Potion            |       |     5 ||     5
 Stab: Sleeping          |    13 |     5 ||    18
Armor: Animal skin       |     6 |     3 ||     9
Dodge: Dodged            |    53 |    15 ||    68
Block: Other             |       |     1 ||     1

Levels and vault maps discovered:
D:1:      dpeg_arrival_prison, layout_basic
D:2:      layout_rooms, serial_rivers, chequers_serial_rivers_room_a,
          chequers_serial_rivers_small_b, chequers_serial_rivers_room_a,
          chequers_serial_rivers_small_b
D:3:      layout_loops_ring, tgw_fedhas, uniq_sigmund

Notes
Turn   | Place    | Note
-------+----------+-------------------------------------------
     0 | D:1      | Sobieck the Kobold Berserker began the quest for the Orb.
     0 | D:1      | Reached XP level 1. HP: 14/14 MP: 1/1
    12 | D:1      | Reached skill level 1 in Stealth
    81 | D:1      | You add the spells Sting, Poisonous Vapours and Olgreb's
                  | Toxic Radiance to your library.
   125 | D:1      | Reached skill level 2 in Stealth
   125 | D:1      | Reached XP level 2. HP: 19/19 MP: 2/2
   157 | D:1      | Reached skill level 3 in Stealth
   631 | D:1      | Reached XP level 3. HP: 23/23 MP: 3/3
  1179 | D:1      | Reached skill level 4 in Stealth
  1658 | D:2      | Reached ** piety under Trog
  1663 | D:2      | Reached XP level 4. HP: 28/28 MP: 4/4
  1668 | D:2      | Reached skill level 5 in Stealth
  2524 | D:3      | You pick up a book of Power {forbidden} and begin
                  | reading...
  2524 | D:3      | You add the spells Iskenderun's Battlesphere, Iron Shot and
                  | Spellforged Servitor to your library.
  2879 | D:3      | Noticed Sigmund
  2908 | D:3      | HP: 7/28 [something (10)]
  2910 | D:3      | Slain by Sigmund

Vanquished Creatures
  3 adders
  4 worms (D:2)
  A dart slug (D:3)
  3 orcs (D:3)
  7 endoplasms
  3 giant cockroaches (D:1)
  3 goblins
  4 hobgoblins
  4 jackals (D:1)
  3 quokkas
  2 ball pythons
  A bat (D:1)
  2 frilled lizards (D:1)
  2 kobolds (D:3)
  7 rats
49 creatures vanquished.

Table legend:
 A = Non-vault XP
 B = Vault XP
 C = Vault XP percentage of total XP
 D = Non-vault monster count
 E = Vault monster count
 F = Vault count percentage of total count
                 A         B        C        D         E       F
            +---------+---------+-------+---------+---------+-------
      Total |     130 |       5 |   3.7 |      46 |       3 |   6.1
            +---------+---------+-------+---------+---------+-------
        D:1 |      35 |       5 |  12.5 |      22 |       3 |  12.0
        D:2 |      52 |       0 |   0.0 |      15 |       0 |   0.0
        D:3 |      43 |       0 |   0.0 |       9 |       0 |   0.0
            +---------+---------+-------+---------+---------+-------

Illustrated notes

Table legend:
 A = Kills in this place as a percentage of kills in entire the game.
 B = Kills by you in this place as a percentage of kills by you in the entire game.
 C = Kills by friends in this place as a percentage of kills by friends in the entire game.
 D = Other kills in this place as a percentage of other kills in the entire game.
 E = Experience gained in this place as a percentage of experience gained in the entire game.
 F = Experience gained in this place divided by the number of levels of this place that you have seen.
                   A       B       C       D       E      F
               +-------+-------+-------+-------+-------+----------------------
         Total | 100.0 | 100.0 |   N/A |   N/A | 100.0 |  45.0
       Dungeon | 100.0 | 100.0 |   N/A |   N/A | 100.0 |  45.0
               +-------+-------+-------+-------+-------+----------------------

Table legend: (Time is in decaauts)
 A = Elapsed time spent in this place.
 B = Non-inter-level travel time spent in this place.
 C = Inter-level travel time spent in this place.
 D = Time resting spent in this place.
 E = Time spent auto-exploring this place.
 F = Levels seen in this place.
 G = Mean time per level.
                   A        B        C        D        E       F      G
               +--------+--------+--------+--------+--------+-----+--------+
         Total |   2918 |   2822 |     96 |    420 |   2041 |   3 |  972.7 |
       Dungeon |   2918 |   2822 |     96 |    420 |   2041 |   3 |  972.7 |
               +--------+--------+--------+--------+--------+-----+--------+

Top non-repeatable levels by time:
     D:1: 1260 daAuts
     D:2: 1037 daAuts
     D:3: 621 daAuts
